 Dungeon Crawl Stone Soup version 0.29-a0-375-g5102b3be25 (webtiles) character file.

Game seed: 13474784114662703659

15827 zishaf the Warrior (level 12, -10/143 HPs)
             Began as an Ogre Chaos Knight on May 3, 2022.
             Was a Plaything of Xom.
             Mangled by a minotaur
             ... wielding a staff of air
              (13 damage)
             ... in a Gauntlet.
             The game lasted 00:22:33 (9278 turns).

zishaf the Warrior (Ogre Chaos Knight)              Turns: 9278, Time: 00:22:34

Health: -10/143    AC: 17    Str: 29    XL:     12   Next: 31%
Magic:  18/18      EV:  9    Int: 15    God:    Xom [.*....]
Gold:   285        SH:  0    Dex:  4    Spells: 15/17 levels left

rFire   + . .      SeeInvis +   J - +5 flail "Lywaff" {vamp, *Rage rF+ rC+ Stlth+}
rCold   + . .      Faith    .   t - orb {light}
rNeg    . . .      Spirit   .   K - +0 troll leather armour
rPois   .          Reflect  .   V - +2 hat of Powerful Brilliance {Will- rCorr SInv Stlth+}
rElec   .          Harm     .   R - +1 cloak
rCorr   +          Rampage  .   (gloves unavailable)
Will    ++...      Rage     20% (boots unavailable)
Stlth   +......... NoTele   +   n - amulet of regeneration
HPRegen 1.93/turn               w - +4 ring of protection
MPRegen 0.16/turn               u - +6 ring of strength

@: mighty, glowing
A: large, unfitting armour, tough skin 1, hooves 1, iridescent scales 2, clever
1, clumsy 2, high MP 1, strong-willed 2
a: Renounce Religion


You were in a Gauntlet.
You worshipped Xom.
You were a plaything of Xom.
You visited 1 branch of the dungeon, and saw 11 of its levels.
You also visited: Ossuary and Gauntlet.

You collected 589 gold pieces.
You spent 304 gold pieces at shops.

Inventory:

Hand Weapons
 a - a +0 mace of chaos
 d - a +1 flail of draining
 J - the +5 flail "Lywaff" (weapon) {vamp, *Rage rF+ rC+ Stlth+}
   (You bought it in a shop on level 7 of the Dungeon)

   It occasionally heals its wielder for a portion of the damage dealt when it
   wounds a living foe.
   rF:        It protects you from fire.
   rC:        It protects you from cold.
   *Rage:     It berserks you when you make melee attacks (+20% chance).
   Stlth:     It makes you more stealthy.
 O - a +4 morningstar
Missiles
 j - 14 javelins
 l - 30 poisoned darts
 p - a throwing net
 C - 7 curare-tipped darts
Armour
 b - a +2 robe
 t - an orb of light (worn)
 I - +0 steam dragon scales
 K - a +0 troll leather armour (worn)
 R - a +1 cloak (worn)
 V - the +2 hat of Powerful Brilliance (worn) {Will- rCorr SInv Stlth+}
   (You found it in a Gauntlet)

   SInv:      It lets you see invisible.
   rCorr:     It protects you from acid and corrosion.
   Will:      It decreases your willpower.
   Stlth:     It makes you more stealthy.
Jewellery
 e - an amulet of guardian spirit
 n - an amulet of regeneration (around neck)
 s - an amulet of the acrobat
 u - a +6 ring of strength (right hand)
 w - a +4 ring of protection (left hand)
 D - an amulet of reflection
 H - a ring of poison resistance
 L - a ring of protection from fire
Wands
 x - a wand of mindburst (19)
 y - a wand of iceblast (8)
 M - a wand of paralysis (6)
 U - a wand of flame (23)
Scrolls
 f - 8 scrolls of teleportation
 i - a scroll of enchant armour
 v - a scroll of magic mapping
 F - 2 scrolls of poison
 N - a scroll of summoning
 Q - 2 scrolls of amnesia
 S - 2 scrolls of blinking
Potions
 g - a potion of might
 h - 4 potions of brilliance
 k - a potion of resistance
 m - 3 potions of berserk rage
 o - a potion of mutation
 q - 3 potions of lignification
 r - 2 potions of invisibility
 z - 2 potions of magic
 A - a potion of flight
 B - 4 potions of haste
 E - 8 potions of curing
 G - 2 potions of ambrosia
 P - a potion of heal wounds
 T - 2 potions of cancellation {unknown}
Miscellaneous
 c - a piece from Xom's chessboard (15/15) (quivered)


   Skills:
 + Level 15.2 Fighting
 + Level 11.0 Maces & Flails
 - Level 3.0 Throwing
 - Level 2.1 Dodging
 - Level 3.0 Spellcasting
 + Level 9.5 Translocations


You had 15 spell levels left.
You knew the following spells:

 Your Spells              Type           Power      Damage    Failure   Level
a - Blink                 Tloc           60%        N/A       1%          2

Your spell library contained the following spells:

 Spells                   Type           Power      Damage    Failure   Level
 Manifold Assault         Tloc           30%        N/A       12%         5
 Beastly Appendage        Tmut           4%         N/A       22%         1
 Sandblast                Erth           4%         2d4       22%         1
 Slow                     Hex            8%         N/A       22%         1
 Sting                    Tmut/Pois      8%         1d3       22%         1
 Passwall                 Tmut/Erth      1%         N/A       32%         2
 Poisonous Vapours        Pois/Air       4%         N/A       32%         2
 Wereblood                Tmut           2%         N/A       32%         2
 Dazzling Flash           Conj/Hex       4%         N/A       54%         3
 Frozen Ramparts          Ice            4%         1d2       54%         3
 Inner Flame              Hex/Fire       2%         N/A       54%         3
 Spider Form              Tmut/Pois      2%         N/A       54%         3
 Stone Arrow              Conj/Erth      4%         3d7       54%         3
 Summon Guardian Golem    Hex/Summ       2%         N/A       54%         3
 Animate Armour           Summ/Erth      4%         N/A       91%         4
 Ice Form                 Ice/Tmut       2%         N/A       91%         4
 Olgreb's Toxic Radiance  Pois           2%         N/A       91%         4
 Summon Ice Beast         Ice/Summ       2%         N/A       91%         4
 Agony                    Necr           2%         N/A       99%         5
 Silence                  Hex/Air        1%         N/A       99%         5
 Orb of Destruction       Conj           1%         9d5       100%        7
 Spellforged Servitor     Conj/Summ      1%         N/A       100%        7
 Storm Form               Tmut/Air       1%         N/A       100%        7
 Lehudib's Crystal Spear  Conj/Erth      1%         10d2      100%        8
 Chain Lightning          Conj/Air       1%         3d1       100%        9


Dungeon Overview and Level Annotations

Branches:
Dungeon (11/15)            Temple (0/1) D:4            Lair (0/6) D:9
Ossuary (visited)         Gauntlet (1/1)
    Orc: D:9-12

Altars:
Elyvilon
Xom

Shops:
D:2 ?   D:5 (   D:7 (

Annotations:
D:5 1 runed translucent door Gauntlet 6 transporters


Innate Abilities, Weirdness & Mutations

You are too large for most types of armour.
You have tough skin. (AC +1)
You have large cloven feet.
You are mostly covered in iridescent scales. (AC +4)
Your mind is acute. (Int +2)
You are very clumsy. (Dex -4)
You have an increased reservoir of magic. (+10% MP)
You are highly strong-willed. (Will++)


Message History

The minotaur throws a silver javelin.
The silver javelin pierces through you! The silver sears you!
The minotaur barely misses you.
The minotaur gores you but does no damage.
You sock the minotaur!
The minotaur is lightly wounded.
The minotaur hits you with a staff of air!
You are electrocuted.
The minotaur gores you but does no damage.
You hit the minotaur but do no damage.
The minotaur is lightly wounded.
The minotaur hits you with a staff of air!!
You are electrocuted!
The minotaur gores you but does no damage.
You hit the minotaur but do no damage.
You kick the minotaur, but do no damage.
The minotaur is lightly wounded.
The minotaur hits you with a staff of air!!
You are electrocuted!
The minotaur gores you!
* * * LOW HITPOINT WARNING * * *
You feel very mighty all of a sudden.
The minotaur hits you with a staff of air!
* * * LOW HITPOINT WARNING * * *
You are electrocuted.
* * * LOW HITPOINT WARNING * * *
The minotaur barely misses you.
It was a potion of heal wounds.
You feel much better.
The minotaur hits you with a staff of air!!
* * * LOW HITPOINT WARNING * * *
You are electrocuted.
* * * LOW HITPOINT WARNING * * *
The minotaur gores you but does no damage.
You sock the minotaur! You kick the minotaur.
The minotaur is moderately wounded.
You recover from your berserk rage.
The minotaur hits you with a staff of air!!
* * * LOW HITPOINT WARNING * * *
You are electrocuted!
You die...
Xom roars with laughter!

#####..#..#.†##.
#≈8≈#..#|.##..#.
###...#..#©.#.©##.
..#.8.#..#..##..#.
###
#.#...#..#..#..##.
...#.#.8.#..#..##..#.
#.#.#...#..#.....#..
#..H#...#.§#########
#@#.©.#≈..........
#.....#∩..........
#.#.©.#≈..........
#.#...#..#########
#.#...#..#.##..©.#
#.#.8.#..#.#s.##.#
#.#...#..#[##.##..
..#.8.#..#.##^...#
###§§.#..#©...##.#


You could see a minotaur.

Vanquished Creatures
  A broodmother (shapeshifter) (Gauntlet)
  Erica (D:10)
  A mana viper (shapeshifter) (Gauntlet)
  The ghost of BobtheKiller the Conjurer, a novice DrCj of Qazlal (D:5)
  A komodo dragon (D:7)
  A troll (D:10)
  A troll (shapeshifter) (D:9)
  2 hornets (D:8)
  Sigmund (D:3)
  A culicivora (shapeshifter) (Gauntlet)
  A vampire (D:10)
  23 yaks
  A wyvern (shapeshifter) (Gauntlet)
  4 wyverns
  3 hogs (D:8)
  A basilisk (D:9)
  Eustachio (D:4)
  2 large abominations (Gauntlet)
  A human (D:8)
  3 steam dragons
  A swamp worm (shapeshifter) (Gauntlet)
  6 water moccasins
  An ice beast (shapeshifter) (Gauntlet)
  An orc warrior (D:7)
  2 black bears
  3 ice beasts
  An ogre (D:7)
  3 centaurs
  A wolf (D:8)
  A phantom (D:3)
  2 gnoll sergeants
  4 kobold brigands
  3 bullfrogs
  3 scorpions
  2 necrophages
  11 wights
  3 small abominations (Gauntlet)
  20 killer bees
  2 howler monkeys (D:9)
  An electric eel (D:8)
  6 crimson imps (D:10)
  A human zombie (Ossuary)
  3 hounds
  5 orc priests
  3 jellies
  2 iguanas
  9 orc wizards
  A centaur simulacrum (D:8)
  3 mummies (Ossuary)
  Robin (D:4)
  14 gnolls
  8 adders
  A river rat (D:5)
  9 white imps
  A howler monkey simulacrum (D:8)
  An ufetubus (D:8)
  3 adder zombies (Ossuary)
  4 worms
  4 dart slugs
  37 orcs
  10 ball pythons
  5 bats (D:1)
  7 endoplasms
  A giant cockroach (D:1)
  2 gnoll zombies (Ossuary)
  14 goblins
  5 hobgoblins
  7 jackals
  14 kobolds
  3 quokkas
  A frilled lizard (D:3)
  A goblin zombie (Ossuary)
  3 hobgoblin zombies (Ossuary)
  3 kobold zombies (Ossuary)
  2 quokka zombies (Ossuary)
  5 rats
  3 rat zombies (Ossuary)
324 creatures vanquished.

Vanquished Creatures (collateral kills)
  An unseen horror (D:10)
  4 yaks (D:9)
  An ufetubus (D:10)
6 creatures vanquished.

Vanquished Creatures (others)
  2 demonic plants (D:3)
  4 fungi
  26 plants
32 creatures vanquished.

Grand Total: 362 creatures vanquished

Notes
Turn   | Place    | Note
-------+----------+-------------------------------------------
     0 | D:1      | zishaf the Ogre Chaos Knight began the quest for the Orb.
     0 | D:1      | Reached XP level 1. HP: 24/24 MP: 1/1
    12 | D:1      | XOM: potion effect (haste)
    23 | D:1      | XOM: silly message
   185 | D:1      | Reached XP level 2. HP: 29/33 MP: 2/2
   231 | D:1      | XOM: 1-stop teleportation journey
   333 | D:1      | XOM: silly message
   679 | D:1      | Reached XP level 3. HP: 35/40 MP: 3/3
   809 | D:1      | XOM: 9-stop teleportation journey
   863 | D:1      | XOM: stat loss: -1 Dex (7/8)
  1572 | D:2      | Reached skill level 1 in Throwing
  1599 | D:2      | XOM: give mutations
  1599 | D:2      | Gained mutation: You are dopey. (Int -2) [Xom's mischief]
  1599 | D:2      | Gained mutation: You are strong-willed. (Will+) [Xom's
                  | mischief]
  1599 | D:2      | Gained mutation: Armour fits poorly on your strangely
                  | shaped body. [Xom's mischief]
  1599 | D:2      | Gained mutation: You sometimes lose the ability to read
                  | scrolls when taking damage. [Xom's mischief]
  1648 | D:2      | Reached skill level 5 in Fighting
  1671 | D:2      | Reached XP level 4. HP: 49/50 MP: 4/4
  1681 | D:2      | Found Esuurogh's Magic Scroll Boutique.
  1700 | D:2      | Bought a scroll of magic mapping for 42 gold pieces
  1700 | D:2      | Bought a scroll of identify for 24 gold pieces
  1869 | D:3      | Noticed a phantom
  1871 | D:3      | XOM: god gift: 4 javelins
  1877 | D:3      | XOM: give mutations
  1877 | D:3      | Gained mutation: You are frail. (-10% HP) [Xom's mischief]
  1877 | D:3      | Lost mutation: You sometimes lose the ability to read
                  | scrolls when taking damage. [Xom's mischief]
  1887 | D:3      | Killed a phantom
  1888 | D:3      | Reached XP level 5. HP: 37/52 MP: 5/5
  1902 | D:3      | Lost mutation: Armour fits poorly on your strangely shaped
                  | body. [potion of mutation]
  1902 | D:3      | Lost mutation: You are frail. (-10% HP) [potion of
                  | mutation]
  1902 | D:3      | Lost mutation: You are dopey. (Int -2) [potion of mutation]
  1902 | D:3      | Gained mutation: You expend magic power (3 MP) to
                  | strengthen your wands. [potion of mutation]
  1902 | D:3      | Gained mutation: You are partially covered in iridescent
                  | scales. (AC +2) [potion of mutation]
  1902 | D:3      | Gained mutation: You have large cloven feet. [potion of
                  | mutation]
  1940 | D:3      | Found a faded altar of an unknown god.
  2146 | D:3      | XOM: repel stairs
  2175 | D:3      | Noticed Sigmund
  2184 | D:3      | Killed Sigmund
  2185 | D:3      | Reached skill level 6 in Fighting
  2185 | D:3      | Reached XP level 6. HP: 55/68 MP: 6/6
  2721 | D:4      | Found a staircase to the Ecumenical Temple.
  2721 | D:4      | Noticed Robin
  2730 | D:4      | Killed Robin
  2737 | D:4      | Noticed Eustachio
  2789 | D:4      | XOM: silly message
  2792 | D:4      | XOM: confuse monster(s)
  2800 | D:4      | Killed Eustachio
  2801 | D:4      | Reached skill level 7 in Fighting
  2801 | D:4      | Reached skill level 5 in Maces & Flails
  2801 | D:4      | Reached XP level 7. HP: 75/78 MP: 7/7
  2822 | D:4      | Found a white marble altar of Elyvilon.
  3193 | D:4      | XOM: polymorph scorpion -> worm
  3394 | D:4      | Learned a level 2 spell: Blink
  3402 | D:5      | Entered Level 5 of the Dungeon
  3405 | D:5      | XOM: noise
  3408 | D:5      | Reached skill level 8 in Fighting
  3408 | D:5      | Reached skill level 1 in Spellcasting
  3465 | D:5      | XOM: stat loss: -1 Int (12/13)
  3499 | D:5      | Reached skill level 1 in Translocations
  3499 | D:5      | Reached XP level 8. HP: 85/88 MP: 8/10
  3541 | D:5      | Found a runed translucent door.
  3557 | D:5      | Noticed BobtheKiller's ghost (novice DrCj)
  3629 | D:5      | XOM: 3-stop teleportation journey
  3652 | D:5      | XOM: give mutations
  3652 | D:5      | Gained mutation: You have hidden genetic potential. [Xom's
                  | grace]
  3652 | D:5      | Gained mutation: You are mostly covered in iridescent
                  | scales. (AC +4) [Xom's grace]
  3652 | D:5      | Gained mutation: You are highly strong-willed. (Will++)
                  | [Xom's grace]
  3735 | D:5      | Noticed a yak
  3736 | D:5      | Noticed a yak
  3736 | D:5      | Noticed a yak
  3737 | D:5      | Noticed a yak
  3737 | D:5      | Noticed a yak
  3738 | D:5      | Noticed a yak
  3739 | D:5      | XOM: summons 5 friendly demons
  3741 | D:5      | XOM: fake destruction
  3747 | D:5      | XOM: divination: detect creatures
  3760 | D:5      | Killed a yak
  3766 | D:5      | Killed a yak
  3774 | D:5      | Killed a yak
  3775 | D:5      | Reached skill level 9 in Fighting
  3775 | D:5      | Killed a yak
  3777 | D:5      | Killed a yak
  3778 | D:5      | Reached XP level 9. HP: 101/101 MP: 12/12
  3782 | D:5      | Found Ophotyup's Weapon Shoppe.
  3794 | D:5      | Gained mutation: Your spells are a little harder to cast,
                  | but a little more powerful. [hidden potential]
  3851 | D:5      | Identified the +1 leather armour "Cogh" {rPois}
  3859 | D:5      | Reached skill level 10 in Fighting
  3871 | D:5      | Found a runed translucent door.
  4280 | D:5      | Killed BobtheKiller's ghost
  4335 | D:6      | XOM: silly message
  4393 | D:6      | Reached skill level 5 in Translocations
  4433 | D:6      | Reached skill level 11 in Fighting
  4454 | D:6      | Found a sand-covered staircase.
  4463 | Ossuary  | Entered an ossuary
  4502 | Ossuary  | XOM: noise
  4524 | Ossuary  | XOM: give mutations
  4524 | Ossuary  | Gained mutation: You are weak. (Str -2) [Xom's mischief]
  4524 | Ossuary  | Lost mutation: You are weak. (Str -2) [Xom's mischief]
  4966 | D:6      | XOM: swap monsters
  4971 | D:6      | Reached XP level 10. HP: 104/114 MP: 13/13
  5291 | D:7      | Found Liwonn's Antique Weapon Shoppe.
  5298 | D:7      | Bought an ebony flail for 238 gold pieces
  5298 | D:7      | Identified the +5 flail "Lywaff" {vamp, *Rage rF+ rC+
                  | Stlth+} (You bought it in a shop on level 7 of the Dungeon)
  5379 | D:7      | Gained mutation: You have an increased reservoir of magic.
                  | (+10% MP) [hidden potential]
  5379 | D:7      | Lost mutation: You have hidden genetic potential. [hidden
                  | potential expressed]
  5626 | D:7      | XOM: smoke on damage
  5938 | D:7      | XOM: summons 1 hostile shadow creature
  6023 | D:7      | XOM: give mutations
  6023 | D:7      | Gained mutation: You are clumsy. (Dex -2) [Xom's mischief]
  6023 | D:7      | Lost mutation: Your spells are a little harder to cast, but
                  | a little more powerful. [Xom's mischief]
  6032 | D:7      | Reached skill level 12 in Fighting
  6035 | D:7      | XOM: 5-stop teleportation journey
  6227 | D:7      | XOM: swap monsters
  6604 | D:8      | XOM: swap monsters
  6617 | D:8      | XOM: chaos upgrade
  6792 | D:8      | Paralysed by a hornet for 1 turns
  6796 | D:8      | XOM: smoke on damage
  6959 | D:9      | XOM: fog
  7083 | D:9      | XOM: scenery: create altars
  7086 | D:9      | XOM: polymorph scorpion -> shapeshifter
  7092 | D:9      | Reached XP level 11. HP: 126/126 MP: 17/17
  7117 | D:9      | Reached skill level 13 in Fighting
  7118 | D:9      | Found a staircase to the Lair.
  7178 | D:9      | XOM: 1-stop teleportation journey
  7196 | D:9      | XOM: summons 9 friendly demons
  7202 | D:9      | XOM: summons 2 friendly demons
  7233 | D:9      | XOM: smoke on damage
  7312 | D:9      | XOM: give mutations
  7312 | D:9      | Lost mutation: You expend magic power (3 MP) to strengthen
                  | your wands. [Xom's mischief]
  7312 | D:9      | Gained mutation: You are very clumsy. (Dex -4) [Xom's
                  | mischief]
  7312 | D:9      | Gained mutation: You sometimes lose the ability to read
                  | scrolls when taking damage. [Xom's mischief]
  7312 | D:9      | Lost mutation: You sometimes lose the ability to read
                  | scrolls when taking damage. [Xom's mischief]
  7315 | D:9      | Reached skill level 10 in Maces & Flails
  7394 | D:9      | XOM: god gift: scroll of amnesia
  7454 | D:8      | Reached skill level 14 in Fighting
  7571 | D:8      | Got Rawiprin's Almanac of Fetching Lightness
  7690 | D:8      | XOM: give mutation
  7690 | D:8      | Gained mutation: Your mind is acute. (Int +2) [Xom's grace]
  7717 | D:8      | XOM: enchant monster (bad)
  7719 | D:8      | XOM: cast spell 'Statue Form'
  7740 | D:8      | XOM: divination: detect items
  7843 | D:9      | XOM: scenery: create altars
  7943 | D:9      | XOM: stat loss: -1 Str (27/28)
  8131 | D:10     | Entered Level 10 of the Dungeon
  8298 | D:10     | XOM: scenery: create altars
  8304 | D:10     | XOM: potion effect (curing)
  8305 | D:10     | XOM: confusion
  8334 | D:10     | Noticed Erica
  8336 | D:10     | XOM: 2-stop teleportation journey
  8423 | D:10     | XOM: enchant monster (good)
  8428 | D:10     | XOM: god gift: potion of berserk rage
  8453 | D:10     | XOM: silly message
  8489 | D:10     | XOM: silly message
  8530 | D:10     | XOM: divination: magic mapping
  8531 | D:10     | Killed Erica
  8532 | D:10     | Reached XP level 12. HP: 140/140 MP: 18/18
  8546 | D:10     | XOM: summons 2 friendly demons
  8547 | D:10     | XOM: polymorph white imp -> ufetubus
  8819 | D:10     | XOM is BORED!
  8819 | D:10     | XOM: noise
  8956 | D:11     | XOM: stealth player
  8989 | D:11     | Found a gate leading to a gauntlet.
  9007 | Gauntlet | Entered a Gauntlet
  9007 | Gauntlet | Found a transporter.
  9007 | Gauntlet | Found a transporter.
  9008 | Gauntlet | Found a transporter.
  9010 | Gauntlet | Found a transporter.
  9011 | Gauntlet | Found a transporter.
  9012 | Gauntlet | Found a transporter.
  9026 | Gauntlet | Found a transporter.
  9028 | Gauntlet | Found a transporter.
  9040 | Gauntlet | Found a transporter.
  9040 | Gauntlet | Noticed an ice dragon
  9043 | Gauntlet | Noticed an entropy weaver
  9057 | Gauntlet | Noticed a shock serpent
  9061 | Gauntlet | Found a transporter.
  9066 | Gauntlet | a shock serpent changed into a redback
  9078 | Gauntlet | Found a transporter.
  9082 | Gauntlet | Found a transporter.
  9134 | Gauntlet | Noticed a ghost crab
  9165 | Gauntlet | XOM: fake destruction
  9168 | Gauntlet | Reached skill level 15 in Fighting
  9215 | Gauntlet | Identified the +0 pair of gloves of the Robin {rF+ Will-
                  | Regen+ Slay+2}
  9238 | Gauntlet | Noticed a broodmother
  9238 | Gauntlet | a slime creature changed into a broodmother
  9249 | Gauntlet | Killed a broodmother
  9256 | Gauntlet | Identified the +2 hat of Powerful Brilliance {Will- rCorr
                  | SInv Stlth+}
  9270 | Gauntlet | Noticed a minotaur
  9278 | Gauntlet | HP: 3/143 [minotaur/staff of air (20)]
  9278 | Gauntlet | Mangled by a minotaur

Illustrated notes

Levels and vault maps discovered:
D:1:      dpeg_arrival_court, layout_loops_ring
D:2:      layout_basic, serial_shops, nicolae_shop_hallway_stairs,
          minmay_pentomino_r2
D:3:      layout_loops_ring, shapermc_ecumenical_altar_gd, uniq_sigmund
D:4:      dreamdust_elfheim, layout_basic, marbit_many_paths, temple_pool_b,
          uniq_robin, uniq_eustachio
D:5:      layout_loops_ring, serial_shops, shop, ebering_ghost_sewer_f,
          kennysheep_flooded_box
D:6:      layout_loops_ring, lightli_ossuary_entry_decrepit_ruins,
          corexii_leaking_fountain
D:7:      layout_loops_corners, serial_shops, nicolae_shop_crystal,
          minmay_quadrilaterals
D:8:      layout_basic, serial_ice, serial_ice_k, serial_ice_a, serial_ice_n,
          serial_ice_m, grunt_livestock
D:9:      layout_big_octagon, minmay_lair_entry_grove,
          chequers_serial_rivers_room_b, kennysheep_generic_room_8
D:10:     layout_small_grid, minivault_5, chequers_serial_rivers_marsh,
          kennysheep_another_room, minmay_nine_imps, uniq_erica
D:11:     layout_loops_corners, gauntlet_entry_generic, uniq_sonja
Gauntlet: gammafunk_gauntlet_hard_choice [gammafunk_gauntlet_arena_grid,
          gammafunk_gauntlet_arena_arrow_garden, nicolae_gauntlet_swirl,
          nicolae_gauntlet_arena_blocks, gammafunk_gauntlet_arena_teeth,
          gammafunk_gauntlet_arena_crates, dreamdust_gauntlet_exit_labyrinth]

Skill      XL: |  1  2  3  4  5  6  7  8  9 10 11 12 |
---------------+-------------------------------------+-----
Maces & Flails | 3 4 5 6 8 9 10 11 | 11.0
Throwing       | 1 2 3 |  3.0
Fighting       | 5 6 7 8 9 11 12 14 15 | 15.2
Spellcasting   | 1 2 3 |  3.0
Translocations | 1 3 5 7 9 |  9.5
Dodging        | |  2.1

Action                   |  1- 3 |  4- 6 |  7- 9 | 10-12 || total
-------------------------+-------+-------+-------+-------++-------
Melee: Mace              |    97 |    49 |       |    10 ||   156
       Kick              |       |    20 |    75 |   144 ||   239
       Flail             |       |    57 |   237 |   394 ||   688
  Use: Scroll            |       |    10 |    11 |     8 ||    29
       Potion            |       |     1 |       |     2 ||     3
 Stab: Confused          |       |     1 |     1 |       ||     2
       Sleeping          |       |       |     1 |       ||     1
       Paralysed         |       |       |       |     4 ||     4
       Distracted        |       |       |       |     1 ||     1
Armor: Robe              |    56 |    88 |   126 |       ||   270
       Steam dragon scal |       |       |       |   173 ||   173
       Troll leather arm |       |       |       |    45 ||    45
       Skin              |       |       |       |     6 ||     6
Dodge: Dodged            |    49 |    78 |   111 |   223 ||   461

Table legend: (Time is in decaauts)
 A = Elapsed time spent in this place.
 B = Non-inter-level travel time spent in this place.
 C = Inter-level travel time spent in this place.
 D = Time resting spent in this place.
 E = Time spent auto-exploring this place.
 F = Levels seen in this place.
 G = Mean time per level.
                   A        B        C        D        E       F      G
               +--------+--------+--------+--------+--------+-----+--------+
         Total |   9642 |   9264 |    378 |    461 |   6531 |  13 |  741.7 |
       Dungeon |   9218 |   8840 |    378 |    392 |   6500 |  11 |  838.0 |
       Ossuary |    142 |    142 |      0 |      0 |     31 |   1 |  142.0 |
      Gauntlet |    281 |    281 |      0 |     69 |      0 |   1 |  281.0 |
               +--------+--------+--------+--------+--------+-----+--------+

Top non-repeatable levels by time:
     D:7: 1402 daAuts
     D:1: 1101 daAuts
     D:5: 947 daAuts
     D:8: 907 daAuts
    D:10: 855 daAuts
     D:6: 820 daAuts
     D:9: 807 daAuts
     D:3: 797 daAuts
     D:2: 769 daAuts
     D:4: 760 daAuts
Gauntlet: 281 daAuts
 Ossuary: 142 daAuts
    D:11: 50 daAuts
